 Dungeon Crawl Stone Soup version 0.27-a0-1332-g84bddb5ca7 (webtiles) character file.

Game seed: 10351875205482311938

5963 Armakuni the Summoner (level 11, -11/77 HPs)
             Began as a Human Summoner on June 20, 2021.
             Was a Believer of Elyvilon.
             Killed by refrigeration
             ... invoked by Fannar
              (25 damage)
             ... on level 10 of the Dungeon on June 25, 2021.
             The game lasted 00:43:59 (12430 turns).

Armakuni the Summoner (Human Summoner)             Turns: 12430, Time: 00:43:59

Health: -11/77     AC: 10    Str: 13    XL:     11   Next: 9%
Magic:  15/18      EV: 11    Int: 29    God:    Elyvilon [**....]
Gold:   694        SH:  5    Dex: 15    Spells: 9/18 levels left

rFire    . . .     SeeInvis +   a - +4 rapier (elec)
rCold    . . .     Faith    .   x - +0 buckler
rNeg     . . .     Spirit   .   y - +0 acid dragon scales
rPois    .         Reflect  .   k - +2 helmet {SInv}
rElec    +         Harm     .   (no cloak)
rCorr    +         Rampage  .   (no gloves)
Will     .....                  p - +0 pair of boots
Stlth    ++........             A - amulet of the acrobat
HPRegen  0.22/turn              d - ring "Iptociam" {Contam rElec Str+2 Int+6}
MPRegen  0.16/turn              I - +6 ring of intelligence

@: no status effects
A: agile 1, MP-powered wands
a: Renounce Religion, Lesser Healing, Heal Other, Divine Protection


You were on level 10 of the Dungeon.
You worshipped Elyvilon.
Elyvilon was pleased with you.
You visited 2 branches of the dungeon, and saw 11 of its levels.

You collected 694 gold pieces.

Inventory:

Hand Weapons
 a - a +4 rapier of electrocution (weapon)
Missiles
 j - 4 throwing nets
 s - 4 curare-tipped darts (quivered)
Armour
 k - a +2 helmet of see invisible (worn)
 p - a +0 pair of boots (worn)
 x - a +0 buckler (worn)
 y - +0 acid dragon scales (worn)
Jewellery
 d - the ring "Iptociam" (left hand) {Contam rElec Str+2 Int+6}
   (You acquired it on level 5 of the Dungeon)

   [ring of intelligence]

   It affects your strength (+2).
   It affects your intelligence (+6).
   It insulates you from electricity.
   It causes magical contamination when unequipped.
 A - an amulet of the acrobat (around neck)
 I - a +6 ring of intelligence (right hand)
Wands
 c - a wand of digging (7)
 e - a wand of iceblast (10)
 v - a wand of charming (3)
Scrolls
 b - 3 scrolls of amnesia
 l - 3 scrolls of teleportation
 m - a scroll of vulnerability
 q - 3 scrolls of noise
 u - 2 scrolls of enchant armour
 w - 3 scrolls of magic mapping
 z - a scroll of blinking
Potions
 f - 2 potions of mutation
 g - 3 potions of cancellation
 h - 2 potions of attraction
 i - 2 potions of heal wounds
 n - 2 potions of lignification
 o - a potion of haste
 r - a potion of curing {unknown}
 t - 2 potions of might {unknown}
 B - a potion of resistance {unknown}


   Skills:
 - Level 4.0 Fighting
 + Level 2.0 Armour
 - Level 2.0 Dodging
 - Level 2.0 Stealth
 - Level 4.0 Shields
 - Level 4.3 Spellcasting
 - Level 10.0 Summonings
 - Level 4.0 Air Magic
 - Level 10.0 Invocations
 - Level 3.0 Evocations


You had 9 spell levels left.
You knew the following spells:

 Your Spells              Type           Power      Damage    Failure   Level
k - Call Canine Familiar  Summ           59%        N/A       1%          3
l - Summon Lightning Spi  Summ/Air       46%        N/A       5%          4
w - Wereblood             Tmut           6%         N/A       16%         2

Your spell library contained the following spells:

 Spells                   Type           Power      Damage    Failure   Level
 Summon Small Mammal      Summ           100%       N/A       1%          1
 Call Imp                 Summ           59%        N/A       1%          2
 Summon Guardian Golem    Hex/Summ       35%        N/A       3%          3
 Beastly Appendage        Tmut           12%        N/A       10%         1
 Magic Dart               Conj           24%        1d4       10%         1
 Summon Ice Beast         Ice/Summ       35%        N/A       13%         4
 Searing Ray              Conj           12%        3d3       16%         2
 Dazzling Flash           Conj/Hex       12%        N/A       30%         3
 Spider Form              Tmut/Pois      3%         N/A       30%         3
 Fulminant Prism          Conj/Hex       3%         3d6       69%         4
 Ice Form                 Ice/Tmut       6%         N/A       69%         4
 Iskenderun's Mystic Bla  Conj/Tloc      6%         2d4       69%         4


Dungeon Overview and Level Annotations

Branches:
Dungeon (10/15)            Temple (1/1) D:6            Lair (0/6) D:9
    Orc: D:9-12

Altars:
Ashenzari
Cheibriados
Dithmenos
Elyvilon
Fedhas
Gozag
Hepliaklqana
Kikubaaqudgha
Nemelex Xobeh
Okawaru
Qazlal
Ru
Sif Muna
Trog
Uskayaw
Vehumet
Wu Jian
Xom
Yredelemnul
Zin
The Shining One

Shops:
D:5 :   D:6 (   D:9 =

Annotations:
D:10 Fannar


Innate Abilities, Weirdness & Mutations

You are agile. (Dex +2)
You expend magic power (3 MP) to strengthen your wands.


Message History

You see here a +0 ring mail.
Fannar the Cold-Hearted comes into view.
They are wielding a staff of cold and wearing a +2 robe of cold resistance.
Fannar shouts!
Fannar casts a spell.
Casting: Summon Lightning Spire (dangerous; 5% risk of failure)
Confirm with . or Enter, or press ? or * to list all spells.
An electric hum fills the air.
Your lightning spire shoots out a bolt of lightning at Fannar!
The bolt of electricity hits Fannar!
The bolt of electricity hits the ice beast!
Fannar hits you but does no damage. Fannar freezes you.
Your lightning spire shoots out a bolt of lightning at Fannar!
The bolt of electricity misses Fannar.
The bolt of electricity hits the ice beast.
You hit Fannar but do no damage.
Fannar is lightly wounded.
Fannar hits you with a staff of cold. Fannar freezes you.
Your lightning spire shoots out a bolt of lightning at Fannar!
The bolt of electricity hits Fannar!
You hit Fannar but do no damage.
Fannar is moderately wounded.
The ice beast hits your lightning spire but does no damage.
Fannar mumbles some strange words.
Fannar drains the heat from the surrounding environment!
Your lightning spire is frozen.
Your lightning spire resists.
The ice beast hits your lightning spire but does no damage.
You barely miss Fannar.
Fannar is moderately wounded.
Fannar casts a spell.
Fannar drains the heat from the surrounding environment!
* * * LOW HITPOINT WARNING * * *
Your lightning spire is frozen.
Your lightning spire resists.
Your lightning spire shoots out a bolt of lightning at Fannar!
The bolt of electricity hits Fannar!
The ice beast hits your lightning spire but does no damage.
Fannar mumbles some strange words.
Fannar drains the heat from the surrounding environment!
You die...

#..#####.#.###.#
########..#####.### #.#
#......#........# ##.##
#.####.#.######## ##...##
#.##.....# ##.....##
#.......##########.......#
###.##....[..#.....##......# .
..........##.#8Y...###...#.#### .
........#.##..@e...# ##.......# .
....<##.#.#######..####....##.# #
###.###.#.# #_# ##.......#.# #
#....<..# #.# #.......#.# #
#####.#####.### #.......#.# # #.#
#.....# ###...###.# #
####.###.....# #......[#
######......#.....########.######
.....#.##(###.....#........#


You could see Fannar (ally target), an ice beast (summoned) and a friendly
lightning spire (summoned).

Vanquished Creatures
  Pikel (D:9)
  A troll (D:10)
  A shadow (D:10)
  4 yaks
  Duvessa (D:4)
  A black bear (D:4)
  A sky beast (D:4)
  2 necrophages
  2 ogres (D:4)
  3 centaurs
  3 phantoms
  A lemure (D:9)
  A kobold brigand (D:9)
  A gnoll sergeant (D:9)
  A bullfrog (D:8)
  A killer bee (D:7)
  5 wights
  A howler monkey (D:6)
  2 centaur zombies
  A gnoll shaman (D:9)
  3 hounds
  A bullfrog skeleton (D:6)
  A centaur skeleton (D:6)
  An orc wizard (D:3)
  A killer bee zombie (D:8)
  A hound skeleton (D:5)
  3 howler monkey zombies (D:10)
  4 gnolls
  An adder (D:1)
  A worm (D:4)
  2 dart slugs
  7 orcs
  4 ball pythons
  2 endoplasms
  A giant cockroach (D:4)
  3 goblins
  A hobgoblin (D:2)
  A jackal (D:9)
  5 kobolds
  A quokka (D:2)
  3 training dummies (D:6)
  A bat (D:3)
  3 frilled lizards
  3 rats (D:2)
88 creatures vanquished.

Vanquished Creatures (collateral kills)
  A troll (D:10)
  Grinder (D:4)
  Sigmund (D:2)
  7 yaks
  A steam dragon (D:8)
  Eustachio (D:4)
  Grum (D:8)
  Menkaure (D:4)
  A swamp worm (D:8)
  2 acid dragons
  4 water moccasins
  An ice beast (D:5)
  An orc warrior (D:8)
  A necrophage (D:6)
  2 wolves (D:8)
  Blork the orc (D:5)
  A scorpion (D:7)
  A bullfrog (D:8)
  Dowan (D:5)
  2 killer bees (D:7)
  11 wights
  2 jellies
  2 centaur zombies
  An orc priest (D:8)
  2 hounds
  A bullfrog zombie (D:5)
  A gnoll shaman (D:6)
  A bullfrog skeleton (D:6)
  An orc wizard (D:8)
  A howler monkey zombie (D:6)
  3 adders (D:2)
  12 gnolls
  A white imp (D:6)
  10 orcs
  3 bats
  3 endoplasms
  2 giant cockroaches (D:1)
  2 hobgoblins
  4 jackals (D:1)
  A frilled lizard (D:2)
  A rat (D:2)
97 creatures vanquished.

Vanquished Creatures (others)
  A fungus (D:9)
  5 plants
6 creatures vanquished.

Grand Total: 191 creatures vanquished

Notes
Turn   | Place    | Note
-------+----------+-------------------------------------------
     0 | D:1      | Armakuni the Human Summoner began the quest for the Orb.
     0 | D:1      | Reached XP level 1. HP: 13/13 MP: 3/3
   575 | D:1      | Reached XP level 2. HP: 20/20 MP: 0/5
   618 | D:1      | Reached skill level 1 in Fighting
   836 | D:1      | Learned a level 2 spell: Call Imp
  1559 | D:2      | Reached XP level 3. HP: 20/26 MP: 3/6
  1587 | D:2      | Noticed Sigmund
  1691 | D:2      | Learned a level 3 spell: Call Canine Familiar
  2311 | D:2      | Found a faded altar of an unknown god.
  2404 | D:2      | Gained mutation: You are weak. (Str -2) [potion of
                  | mutation]
  2404 | D:2      | Lost mutation: You are weak. (Str -2) [potion of mutation]
  2404 | D:2      | Gained mutation: You expend magic power (3 MP) to
                  | strengthen your wands. [potion of mutation]
  2404 | D:2      | Gained mutation: You are agile. (Dex +2) [potion of
                  | mutation]
  2407 | D:2      | HP: 1/27 [Sigmund/puff of flame (4)]
  2928 | D:2      | Reached XP level 4. HP: 31/33 MP: 8/8
  3070 | D:2      | Killed Sigmund
  3071 | D:2      | Reached XP level 5. HP: 25/42 MP: 1/9
  3462 | D:3      | Learned a level 4 spell: Summon Lightning Spire
  3508 | D:3      | Reached skill level 1 in Evocations
  3747 | D:3      | Reached XP level 6. HP: 46/48 MP: 8/10
  3985 | D:4      | Noticed a necrophage
  3998 | D:4      | Killed a necrophage
  4043 | D:4      | Reached skill level 1 in Air Magic
  4089 | D:4      | Noticed an ogre
  4314 | D:4      | Noticed a black bear
  4319 | D:4      | Noticed an ogre
  4636 | D:4      | Killed a black bear
  4637 | D:4      | Reached XP level 7. HP: 43/54 MP: 3/11
  4885 | D:4      | Noticed Grinder
  4904 | D:4      | Noticed a water moccasin
  4942 | D:4      | Killed a water moccasin
  5004 | D:4      | Noticed Eustachio
  5193 | D:5      | Entered Level 5 of the Dungeon
  5193 | D:5      | Found Voukeawo's Book Shop.
  5196 | D:5      | Upgraded the game from 0.27-a0-1312-g5cdb2b3542 to
                  | 0.27-a0-1322-gfdffb62a71
  5254 | D:5      | You fall into a shaft and drop 1 floor!
  5372 | D:5      | Noticed Blork the orc
  5379 | D:5      | Killed Blork the orc
  5380 | D:5      | Reached skill level 5 in Summonings
  5485 | D:5      | Identified a scroll of acquirement
  5485 | D:5      | Acquired the ring "Iptociam" {Contam rElec Str+2 Int+6}
  5522 | D:5      | Reached XP level 8. HP: 33/60 MP: 5/12
  5999 | D:4      | Killed Grinder
  6091 | D:4      | Killed Eustachio
  6138 | D:4      | Noticed Menkaure
  6144 | D:4      | Killed Menkaure
  6526 | D:5      | Noticed Duvessa
  6526 | D:5      | Noticed Dowan
  6539 | D:5      | Killed Dowan
  6580 | D:4      | Killed Duvessa
  7151 | D:6      | Reached XP level 9. HP: 65/65 MP: 9/13
  7657 | D:6      | Found Gyul's Firing Range.
  7968 | D:6      | Found a staircase to the Ecumenical Temple.
  7976 | Temple   | Entered the Ecumenical Temple
  8257 | Temple   | Upgraded the game from 0.27-a0-1322-gfdffb62a71 to
                  | 0.27-a0-1325-g58a489ad9e
  8337 | Temple   | Became a worshipper of Elyvilon the Healer
  8703 | D:7      | Reached skill level 10 in Summonings
  8899 | D:7      | Upgraded the game from 0.27-a0-1325-g58a489ad9e to
                  | 0.27-a0-1332-g84bddb5ca7
  8916 | D:7      | Learned a level 2 spell: Wereblood
  9238 | D:7      | Reached * piety under Elyvilon
  9260 | D:7      | Identified the +1 robe of Submission {*Corrode +Inv Will+}
  9318 | D:8      | Reached skill level 1 in Shields
  9476 | D:8      | Noticed Grum
  9482 | D:8      | Killed Grum
  9570 | D:8      | Found a sacrificial altar of Ru.
  9669 | D:8      | Reached skill level 1 in Invocations
  9669 | D:8      | Reached XP level 10. HP: 70/71 MP: 12/16
 10554 | D:8      | Reached skill level 5 in Invocations
 10760 | D:9      | Reached ** piety under Elyvilon
 10968 | D:9      | Found Jaczeos's Jewellery Shoppe.
 11023 | D:9      | Found a staircase to the Lair.
 11023 | D:9      | Noticed Pikel
 11038 | D:9      | Killed Pikel
 11728 | D:9      | Found an iron altar of Okawaru.
 11946 | D:10     | Entered Level 10 of the Dungeon
 12060 | D:10     | Reached XP level 11. HP: 76/77 MP: 13/18
 12337 | D:10     | Found a basalt altar of Yredelemnul.
 12350 | D:10     | Reached skill level 10 in Invocations
 12423 | D:10     | Noticed Fannar
 12430 | D:10     | Killed from afar by Fannar

Illustrated notes

Levels and vault maps discovered:
D:1:      ebering_trefoil_twist, layout_basic, serial_glass, glass_columns_b,
          glass_columns_c
D:2:      layout_loops_ring, ebering_ecumenical_altar_sacrificial,
          minmay_three_crescents, uniq_sigmund
D:3:      layout_loops_ring
D:4:      cheibrodos_quashed, layout_basic, uniq_menkaure, uniq_eustachio,
          uniq_grinder
D:5:      layout_basic, serial_shops, nicolae_shop_stone, uniq_duvessa,
          uniq_blork_the_orc
D:6:      minmay_evil_eye, layout_basic, temple_fountains,
          nicolae_shop_firing_range
D:7:      layout_rooms
D:8:      layout_loops_ring, nicolae_ru_sacrificial_ziggurat, worms_lemuel,
          uniq_grum
D:9:      layout_cave_pods, nicolae_overflow_crystal_walls, dpeg_oklobed_lair,
          serial_shops, nicolae_shop_crystal, serial_gnoll_camp,
          gnoll_camp_medium_02, uniq_pikel
D:10:     layout_loops_cross, lemuel_zombie_altar_yredelemnul,
          overflow_temple_1_default, uniq_urug, uniq_fannar
Temple:   dpeg_five_rooms_temple

Skill      XL: |  1  2  3  4  5  6  7  8  9 10 11 |
---------------+----------------------------------+-----
Fighting       | 1 2 4 |  4.0
Spellcasting   | 3 4 |  4.3
Evocations     | 1 3 |  3.0
Air Magic      | 2 4 |  4.0
Summonings     | 5 8 10 | 10.0
Shields        | 4 |  4.0
Invocations    | 1 9 10 | 10.0
Armour         | 2 |  2.0
Dodging        | |  2.0
Stealth        | |  2.0

Action                   |  1- 3 |  4- 6 |  7- 9 | 10-12 || total
-------------------------+-------+-------+-------+-------++-------
Melee: Unarmed           |    34 |       |       |       ||    34
       Dagger            |    10 |     1 |       |       ||    11
       Glaive            |       |    39 |    37 |       ||    76
       Scythe            |       |     2 |       |       ||     2
       Rapier            |       |       |   103 |   146 ||   249
 Fire: Hunting sling     |    36 |       |       |       ||    36
Throw: Dart              |     8 |     9 |     3 |       ||    20
 Cast: Summon Small Mamm |    19 |       |       |       ||    19
       Call Imp          |    19 |     9 |     4 |       ||    32
       Call Canine Famil |       |    13 |    10 |     3 ||    26
       Summon Lightning  |       |       |    22 |    19 ||    41
Invok: Lesser Healing    |       |       |       |    23 ||    23
Evoke: Wand              |       |     2 |     8 |       ||    10
  Use: Scroll            |     3 |     2 |    10 |     1 ||    16
       Potion            |     1 |       |     4 |     1 ||     6
 Stab: Sleeping          |     2 |     2 |     1 |     1 ||     6
       Distracted        |       |       |     3 |     1 ||     4
Armor: Robe              |     9 |     6 |     4 |       ||    19
       Leather armour    |       |       |    42 |    43 ||    85
       Skin              |       |       |     1 |       ||     1
       Acid dragon scale |       |       |       |    40 ||    40
Dodge: Dodged            |    60 |    34 |    95 |    82 ||   271
Block: Buckler           |       |       |     1 |    41 ||    42

Table legend: (Time is in decaauts)
 A = Elapsed time spent in this place.
 B = Non-inter-level travel time spent in this place.
 C = Inter-level travel time spent in this place.
 D = Time resting spent in this place.
 E = Time spent auto-exploring this place.
 F = Levels seen in this place.
 G = Mean time per level.
                   A        B        C        D        E       F      G
               +--------+--------+--------+--------+--------+-----+--------+
         Total |  12568 |  11867 |    701 |   2276 |   6767 |  11 | 1142.5 |
       Dungeon |  12156 |  11585 |    571 |   2276 |   6487 |  10 | 1215.6 |
        Temple |    412 |    282 |    130 |      0 |    280 |   1 |  412.0 |
               +--------+--------+--------+--------+--------+-----+--------+

Top non-repeatable levels by time:
     D:1: 2020 daAuts
     D:4: 1626 daAuts
     D:8: 1352 daAuts
     D:9: 1329 daAuts
     D:2: 1237 daAuts
     D:6: 1224 daAuts
     D:5: 1208 daAuts
     D:3: 1011 daAuts
     D:7: 653 daAuts
    D:10: 492 daAuts
  Temple: 412 daAuts
